TOP OF THE 1ST |
Cincinnati Pride batting - Pitching for Minnesota Death Stars : RHP Júlio Ruíz
|
Pitching: RHP Júlio Ruíz
|
|
Batting: RHB Larry Booth
|
0-0: Called Strike 0-1: Called Strike 0-2: Ball 1-2: Ball 2-2: Ball 3-2: Base on Balls
|
Batting: LHB Marvin Morris
|
0-0: Called Strike 0-1: Ball 1-1: Ball 2-1: Swinging Strike 2-2: Foul Ball, location: 2F 2-2: Strikes out swinging
|
Batting: RHB Michael Skinner
|
0-0: Ball Larry Booth steals 2nd base 1-0: Ground out 5-3 (Groundball, 56)
|
Batting: RHB Roberto Chávez
|
0-0: Ball 1-0: Called Strike 1-1: Ball 2-1: Swinging Strike 2-2: Ball 3-2: Strikes out swinging
|
Top of the 1st over - 0 run(s), 0 hit(s), 0 error(s), 1 left on base; Cincinnati 0 - Minnesota 0 |
BOTTOM OF THE 1ST |
Minnesota Death Stars batting - Pitching for Cincinnati Pride : RHP Rusty van Rhee
|
Pitching: RHP Rusty van Rhee
|
|
Batting: RHB José Pérez
|
0-0: Ball 1-0: Ball 2-0: Called Strike 2-1: Swinging Strike 2-2: Fly out, F9 (Flyball, 89D)
|
Batting: RHB Peter Dixon
|
0-0: Ball 1-0: Called Strike 1-1: Ball 2-1: Ball 3-1: Called Strike 3-2: Foul Ball, location: 2F 3-2: Base on Balls
|
Batting: LHB Chris Loudermilk
|
0-0: Ball 1-0: Foul Ball, location: 2F 1-1: Fly out, F8 (Flyball, 8RM)
|
Batting: RHB Herb Ashley
|
0-0: Ball Peter Dixon steals 2nd base 1-0: Swinging Strike 1-1: Fly out, F6 (Line Drive, 6M)
|
Bottom of the 1st over - 0 run(s), 0 hit(s), 0 error(s), 1 left on base; Cincinnati 0 - Minnesota 0 |
TOP OF THE 2ND |
Cincinnati Pride batting - Pitching for Minnesota Death Stars : RHP Júlio Ruíz
|
Batting: RHB Randy Simons
|
0-0: Called Strike 0-1: Ball 1-1: Swinging Strike 1-2: Strikes out looking
|
Batting: RHB Gabriel Villegas
|
0-0: Reached on error, E6 (Groundball, 6)
|
Batting: RHB Álex Hernández
|
0-0: Ball 1-0: Ball 2-0: Ball 3-0: Called Strike 3-1: Base on Balls
|
Batting: RHB Wilson Flores
|
0-0: Called Strike 0-1: Foul Ball, location: 2F 0-2: Ball 1-2: Ball 2-2: Foul Ball, location: 2F 2-2: Ball 3-2: Foul Ball, location: 2F 3-2: Strikes out swinging
|
Batting: RHB Norris Howard
|
0-0: Called Strike 0-1: Ball 1-1: Foul Ball, location: 2F 1-2: Ball 2-2: Strikes out looking
|
Top of the 2nd over - 0 run(s), 0 hit(s), 1 error(s), 2 left on base; Cincinnati 0 - Minnesota 0 |
BOTTOM OF THE 2ND |
Minnesota Death Stars batting - Pitching for Cincinnati Pride : RHP Rusty van Rhee
|
Batting: RHB Jorge Martínez
|
0-0: Called Strike 0-1: Fly out, F8 (Flyball, 8RM)
|
Batting: RHB Miguel Hurtado
|
0-0: Reached on error, E5 (Groundball, 5S)
|
Batting: LHB Lucas Coleman
|
0-0: Ball 1-0: Ball 2-0: SINGLE (Groundball, 34D) (infield hit) Miguel Hurtado to second
|
Batting: RHB John Brown
|
0-0: Foul Ball, location: 2F 0-1: Foul Ball, location: 2F 0-2: Ball 1-2: Foul Ball, location: 2F 1-2: Foul Ball, location: 2F 1-2: Strikes out swinging
|
Batting: LHB Sixto Cortés
|
0-0: Ball 1-0: Ball 2-0: SINGLE (Flyball, 8LS) Miguel Hurtado to third Lucas Coleman to second Runner from 3rd tries for Home, throw and OUT!
|
Bottom of the 2nd over - 0 run(s), 2 hit(s), 1 error(s), 2 left on base; Cincinnati 0 - Minnesota 0 |
TOP OF THE 3RD |
Cincinnati Pride batting - Pitching for Minnesota Death Stars : RHP Júlio Ruíz
|
Batting: RHB Larry Booth
|
0-0: Ground out 6-3 (Groundball, 6)
|
Batting: LHB Pat White
|
0-0: Ball 1-0: Foul Ball, location: 2F 1-1: Ball 2-1: Ball 3-1: Foul Ball, location: 2F 3-2: Foul Ball, location: 2F 3-2: Foul Ball, location: 2F 3-2: Foul Ball, location: 2F 3-2: Strikes out looking
|
Batting: RHB Michael Skinner
|
0-0: Called Strike 0-1: Called Strike 0-2: Ground out 6-3 (Groundball, 6)
|
Top of the 3rd over - 0 run(s), 0 hit(s), 0 error(s), 0 left on base; Cincinnati 0 - Minnesota 0 |
BOTTOM OF THE 3RD |
Minnesota Death Stars batting - Pitching for Cincinnati Pride : RHP Rusty van Rhee
|
Now in CF: Pat White
|
|
Batting: RHB José Pérez
|
0-0: Ball 1-0: Fly out, F2 (Popup, 25F)
|
Batting: RHB Peter Dixon
|
0-0: Ball 1-0: Called Strike 1-1: Bunt for hit - play at first, batter OUT! 1-3
|
Batting: LHB Chris Loudermilk
|
0-0: Ball 1-0: Ball 2-0: Called Strike 2-1: Fly out, F7 (Flyball, 78M)
|
Bottom of the 3rd over - 0 run(s), 0 hit(s), 0 error(s), 0 left on base; Cincinnati 0 - Minnesota 0 |
TOP OF THE 4TH |
Cincinnati Pride batting - Pitching for Minnesota Death Stars : RHP Júlio Ruíz
|
Batting: RHB Roberto Chávez
|
0-0: Called Strike 0-1: Foul Ball, location: 2F 0-2: Fly out, F5 (Line Drive, 56)
|
Batting: RHB Randy Simons
|
0-0: Ball 1-0: Foul Ball, location: 2F 1-1: Ball 2-1: Called Strike 2-2: Ball 3-2: Base on Balls
|
Batting: RHB Gabriel Villegas
|
0-0: Ball Randy Simons is caught stealing 2nd base 1-0: Swinging Strike 1-1: SINGLE (Line Drive, 4D)
|
Batting: RHB Álex Hernández
|
0-0: Ball 1-0: Ground out U3 (Groundball, 3)
|
Top of the 4th over - 0 run(s), 1 hit(s), 0 error(s), 1 left on base; Cincinnati 0 - Minnesota 0 |
BOTTOM OF THE 4TH |
Minnesota Death Stars batting - Pitching for Cincinnati Pride : RHP Rusty van Rhee
|
Batting: RHB Herb Ashley
|
0-0: Fly out, F4 (Popup, 4D)
|
Batting: RHB Jorge Martínez
|
0-0: Called Strike 0-1: Ground out 1-3 (Groundball, 23)
|
Batting: RHB Miguel Hurtado
|
0-0: Foul Ball, location: 2F 0-1: Ground out 1-3 (Groundball, 13S)
|
Bottom of the 4th over - 0 run(s), 0 hit(s), 0 error(s), 0 left on base; Cincinnati 0 - Minnesota 0 |
TOP OF THE 5TH |
Cincinnati Pride batting - Pitching for Minnesota Death Stars : RHP Júlio Ruíz
|
Batting: RHB Wilson Flores
|
0-0: Called Strike 0-1: Foul Ball, location: 2F 0-2: Ball 1-2: Strikes out swinging
|
Batting: RHB Norris Howard
|
0-0: Ground out 5-3 (Groundball, 5)
|
Batting: RHB Larry Booth
|
0-0: Fly out, F3 (Line Drive, 3)
|
Top of the 5th over - 0 run(s), 0 hit(s), 0 error(s), 0 left on base; Cincinnati 0 - Minnesota 0 |
BOTTOM OF THE 5TH |
Minnesota Death Stars batting - Pitching for Cincinnati Pride : RHP Rusty van Rhee
|
Batting: LHB Lucas Coleman
|
0-0: Ground out 1-3 (Groundball, 15)
|
Batting: RHB John Brown
|
0-0: Ball 1-0: Foul Ball, location: 2F 1-1: Ball 2-1: Fly out, F8 (Flyball, 8RS)
|
Batting: LHB Sixto Cortés
|
0-0: Ball 1-0: Reached on Error, E8 (Flyball, 8RM)
|
Batting: RHB José Pérez
|
0-0: DOUBLE (Groundball, 5L) Sixto Cortés scores
|
Batting: RHB Peter Dixon
|
0-0: Called Strike 0-1: Ball 1-1: Ball 2-1: Foul Ball, location: 2F 2-2: Foul Ball, location: 2F 2-2: SINGLE (Line Drive, 7LS) José Pérez to third Runner from 3rd tries for Home, SAFE, no throw or cutoff
|
Batting: LHB Chris Loudermilk
|
0-0: SINGLE (Groundball, 4) Peter Dixon to second Runner from 2nd tries for 3rd, OUT!
|
Bottom of the 5th over - 2 run(s), 3 hit(s), 1 error(s), 1 left on base; Cincinnati 0 - Minnesota 2 |
TOP OF THE 6TH |
Cincinnati Pride batting - Pitching for Minnesota Death Stars : RHP Júlio Ruíz
|
Batting: LHB Pat White
|
0-0: Ball 1-0: Swinging Strike 1-1: Foul Ball, location: 2F 1-2: Foul Ball, location: 2F 1-2: Ball 2-2: Ball 3-2: Base on Balls
|
Batting: RHB Michael Skinner
|
0-0: Ball Pat White steals 2nd base 1-0: Called Strike 1-1: Foul Ball, location: 2F 1-2: Ball 2-2: Foul Ball, location: 2F 2-2: Strikes out swinging
|
Pitching: RHP Brian Smith
|
|
Batting: RHB Roberto Chávez
|
0-0: Called Strike 0-1: Ball 1-1: Ball 2-1: TRIPLE (Flyball, 89XD) Pat White scores
|
Batting: RHB Randy Simons
|
0-0: Foul Ball, location: 2F 0-1: Called Strike 0-2: Foul Ball, location: 2F 0-2: Fly out, F8 (Flyball, 8LM) Runner from 3rd tags up, SCORES, no throw
|
Batting: RHB Gabriel Villegas
|
0-0: Foul Ball, location: 2F 0-1: Fly out, F8 (Flyball, 8RS)
|
Top of the 6th over - 2 run(s), 1 hit(s), 0 error(s), 0 left on base; Cincinnati 2 - Minnesota 2 |
BOTTOM OF THE 6TH |
Minnesota Death Stars batting - Pitching for Cincinnati Pride : RHP Rusty van Rhee
|
Batting: RHB Herb Ashley
|
0-0: Ball 1-0: Called Strike 1-1: Ground out 4-3 (Groundball, 4M)
|
Batting: RHB Jorge Martínez
|
0-0: Ground out 3-1 (Groundball, 3)
|
Batting: RHB Miguel Hurtado
|
0-0: Ball 1-0: Called Strike 1-1: Foul Ball, location: 2F 1-2: Ball 2-2: Fly out, F2 (Popup, 23F)
|
Bottom of the 6th over - 0 run(s), 0 hit(s), 0 error(s), 0 left on base; Cincinnati 2 - Minnesota 2 |
TOP OF THE 7TH |
Cincinnati Pride batting - Pitching for Minnesota Death Stars : RHP Brian Smith
|
Pinch Hitting: SHB Jorge García
|
0-0: Foul Ball, location: 2F 0-1: Ball 1-1: Ball 2-1: Ball 3-1: Base on Balls
|
Batting: RHB Wilson Flores
|
0-0: Bunted foul 0-1: Bunted foul 0-2: Strikes out swinging
|
Pinch Hitting: SHB Rafael Villa
|
0-0: Ball 1-0: Called Strike 1-1: Ball 2-1: Ball 3-1: Fly out, F9 (Flyball, 9LM)
|
Batting: RHB Larry Booth
|
0-0: Ball 1-0: Called Strike 1-1: Called Strike 1-2: Strikes out swinging
|
Top of the 7th over - 0 run(s), 0 hit(s), 0 error(s), 1 left on base; Cincinnati 2 - Minnesota 2 |
BOTTOM OF THE 7TH |
Minnesota Death Stars batting - Pitching for Cincinnati Pride : RHP Rusty van Rhee
|
Now at 3B: Juan Martínez
|
|
Now in LF: Wes Stone
|
|
Batting: LHB Lucas Coleman
|
0-0: Foul Ball, location: 2F 0-1: Foul Ball, location: 2F 0-2: SINGLE (Line Drive, 8RS)
|
Batting: RHB John Brown
|
0-0: Bunted foul 0-1: Sac Bunt - play at first, batter OUT! 5-4 Lucas Coleman to second
|
Batting: LHB Sixto Cortés
|
0-0: Called Strike 0-1: Swinging Strike 0-2: Ball 1-2: Ball 2-2: Strikes out swinging
|
Batting: RHB José Pérez
|
0-0: Ball 1-0: Called Strike 1-1: Ground out 5-3 (Groundball, 56)
|
Bottom of the 7th over - 0 run(s), 1 hit(s), 0 error(s), 1 left on base; Cincinnati 2 - Minnesota 2 |
TOP OF THE 8TH |
Cincinnati Pride batting - Pitching for Minnesota Death Stars : RHP Brian Smith
|
Batting: LHB Pat White
|
0-0: Ball 1-0: Called Strike 1-1: Foul Ball, location: 2F 1-2: DOUBLE (Line Drive, 78S)
|
Batting: RHB Michael Skinner
|
0-0: SINGLE (Line Drive, 78S) Pat White to third
|
Batting: RHB Roberto Chávez
|
0-0: Ground out 4-3 (Groundball, 4M) Michael Skinner to second
|
Pitching: RHP Travis Whitney
|
|
Batting: RHB Randy Simons
|
0-0: Ball 1-0: Ball 2-0: Foul Ball, location: 2F 2-1: Ball 3-1: Foul Ball, location: 2F 3-2: Fly out, F8 (Flyball, 8RS)
|
Batting: RHB Gabriel Villegas
|
0-0: Called Strike 0-1: Ball 1-1: Ball 2-1: Ball 3-1: Base on Balls
|
Pinch Hitting: SHB Larry Peterson
|
0-0: Ball 1-0: Called Strike 1-1: Foul Ball, location: 2F 1-2: Strikes out swinging
|
Top of the 8th over - 0 run(s), 2 hit(s), 0 error(s), 3 left on base; Cincinnati 2 - Minnesota 2 |
BOTTOM OF THE 8TH |
Minnesota Death Stars batting - Pitching for Cincinnati Pride : RHP Rusty van Rhee
|
Now at 3B: Kolomon Meise
|
|
Batting: RHB Peter Dixon
|
0-0: Called Strike 0-1: Swinging Strike 0-2: Ground out 6-3 (Groundball, 6)
|
Pitching: RHP Jesús Andrade
|
|
Batting: LHB Chris Loudermilk
|
0-0: Ball 1-0: SINGLE (Line Drive, 4)
|
Batting: RHB Herb Ashley
|
0-0: Called Strike 0-1: Ground out 3-1 (Groundball, 34S) Chris Loudermilk to second
|
Batting: RHB Jorge Martínez
|
0-0: Foul Ball, location: 2F 0-1: Foul Ball, location: 2F 0-2: Ball 1-2: Ground out 4-3 (Groundball, 4)
|
Bottom of the 8th over - 0 run(s), 1 hit(s), 0 error(s), 1 left on base; Cincinnati 2 - Minnesota 2 |
TOP OF THE 9TH |
Cincinnati Pride batting - Pitching for Minnesota Death Stars : RHP Travis Whitney
|
Pitching: RHP Domingo Rodríguez
|
|
Batting: RHB Wilson Flores
|
0-0: Fly out, F9 (Popup, 89S)
|
Batting: LHB Wes Stone
|
0-0: Ball 1-0: Called Strike 1-1: Called Strike 1-2: Strikes out swinging
|
Batting: RHB Larry Booth
|
0-0: Foul Ball, location: 2F 0-1: Swinging Strike 0-2: SINGLE (Line Drive, 89S)
|
Batting: LHB Pat White
|
0-0: Ball 1-0: Called Strike 1-1: Ball 2-1: Foul Ball, location: 2F 2-2: Strikes out looking
|
Top of the 9th over - 0 run(s), 1 hit(s), 0 error(s), 1 left on base; Cincinnati 2 - Minnesota 2 |
BOTTOM OF THE 9TH |
Minnesota Death Stars batting - Pitching for Cincinnati Pride : RHP Jesús Andrade
|
Batting: RHB Miguel Hurtado
|
0-0: Ball 1-0: SINGLE (Groundball, 6MD)
|
Pinch Runner at 1st Bryan MacGuffie:
|
|
Batting: LHB Lucas Coleman
|
0-0: Bunted foul 0-1: Sac Bunt - play at first, batter OUT! 3-4 Bryan MacGuffie to second
|
Pinch Hitting: RHB Manny Clemente
|
0-0: Foul Ball, location: 2F 0-1: Foul Ball, location: 2F 0-2: Strikes out swinging
|
Batting: LHB Sixto Cortés
|
0-0: Ground out 6-3 (Groundball, 6M)
|
Bottom of the 9th over - 0 run(s), 1 hit(s), 0 error(s), 1 left on base; Cincinnati 2 - Minnesota 2 |
TOP OF THE 10TH |
Cincinnati Pride batting - Pitching for Minnesota Death Stars : RHP Domingo Rodríguez
|
Now at C: Zack Payton
|
|
Now at 2B: Bryan MacGuffie
|
|
Pinch Hitting: LHB Cristián Vázquez
|
0-0: Ball 1-0: Ball 2-0: Reached on error, E3 (Groundball, 3)
|
Batting: RHB Roberto Chávez
|
0-0: Ball 1-0: Ball 2-0: Ball 3-0: Foul Ball, location: 2F 3-1: Called Strike 3-2: Strikes out looking
|
Batting: RHB Randy Simons
|
0-0: Called Strike 0-1: Ball 1-1: Fly out, F6 (Popup, 56D)
|
Batting: RHB Gabriel Villegas
|
0-0: Called Strike 0-1: Ball 1-1: Ball 2-1: Foul Ball, location: 2F 2-2: Ball 3-2: Base on Balls Cristián Vázquez to second
|
Batting: RHB Kolomon Meise
|
0-0: Ball 1-0: Called Strike 1-1: Ball 2-1: Ball 3-1: Called Strike 3-2: Foul Ball, location: 2F 3-2: Foul Ball, location: 2F 3-2: Base on Balls Cristián Vázquez to third Gabriel Villegas to second
|
Pitching: RHP Ángel Uribe
|
|
Batting: RHB Wilson Flores
|
0-0: Ball 1-0: Ground out 6-3 (Groundball, 6)
|
Top of the 10th over - 0 run(s), 0 hit(s), 1 error(s), 3 left on base; Cincinnati 2 - Minnesota 2 |
BOTTOM OF THE 10TH |
Minnesota Death Stars batting - Pitching for Cincinnati Pride : RHP Jesús Andrade
|
Now in RF: Pablo Gómez
|
|
Batting: RHB José Pérez
|
0-0: Ball 1-0: Reached on error, E5 (Groundball, 5L)
|
Batting: RHB Peter Dixon
|
0-0: Foul Ball, location: 2F 0-1: Ball 1-1: Ball 2-1: Swinging Strike 2-2: Foul Ball, location: 2F 2-2: Ball 3-2: Foul Ball, location: 2F 3-2: SINGLE (Groundball, 34D) José Pérez to third Runner from 3rd tries for Home, SAFE, no throw or cutoff
|
|